 Dungeon Sprint DCSS version 0.29.1-2-gbd0b4ee654 (webtiles) character file.

Game seed: 13242537213777853254

1200000 tevo3000 the Conqueror (level 16, -14/133 HPs)
             Began as a Gargoyle Fighter on Nov 28, 2022.
             Demolished by a bag of meat
             ... wielding a +9 war axe
              (18 damage)
             ... in the Dungeon (Sprint VIII: "Arena of Blood").
             The game lasted 00:01:43 (12 turns).

tevo3000 the Conqueror (Gargoyle Fighter)             Turns: 12, Time: 00:01:43

Health: -14/133    AC: 25    Str: 27    XL:     16   Next: 33%
Magic:  16/16      EV: 10    Int: 10    God:
Gold:   0          SH:  0    Dex:  9    Spells: 15/15 levels left

rFire   . . .      SeeInvis .   j - +∞ Axe of Woe
rCold   . . .      Faith    .   (shield currently unavailable)
rNeg    + . .      Spirit   .   a - +0 scale mail
rPois   ∞          Reflect  .   (no helmet)
rElec   +          Harm     .   (no cloak)
rCorr   .          Rampage  .   (no gloves)
Will    +....      NoTele   +   (no boots)
Stlth   ..........              (no amulet)
HPRegen 0.32/turn               (no ring)
MPRegen 0.15/turn               (no ring)

@: flying
A: sickness immunity, AC +12, big wings, negative energy resistance 1,
electricity resistance, torment resistance 1, petrification resistance
a: no special abilities


You were in the Dungeon.
You visited 1 branch

Inventory:

Hand Weapons
 j - the +∞ Axe of Woe (weapon)
   (You found it in the Dungeon)
Armour
 a - a +0 scale mail (worn)
 b - a +0 buckler
Scrolls
 i - a scroll of blinking
Potions
 c - a potion of might
 d - a potion of curing
 e - a potion of heal wounds
 f - a potion of haste
 g - 2 potions of magic
 h - a potion of berserk rage


   Skills:
 O Level 27 Fighting
 + Level 17.2 Axes
 O Level 27 Armour
 + Level 26.2 Shields
 + Level 14.3 Unarmed Combat


You had 15 spell levels left.
You didn't know any spells.
Your spell library was empty.

Dungeon Overview and Level Annotations

Branches:
Dungeon (1/1)

Altars:
Makhleb


Innate Abilities, Weirdness & Mutations

You are immune to sickness and miasma.
Your stone body is resilient. (AC +12)
You are immune to poison.
Your large and strong wings let you fly.
You resist negative energy. (rN+)
You are resistant to electric shocks. (rElec)
You are resistant to unholy torment.
You are immune to petrification.


Message History

You kill the bag of meat!
The bag of meat appears out of thin air!
A bag of meat comes into view. It is wielding a +9 war axe.
The meat berserker appears out of thin air!
A meat berserker comes into view. It is wielding a +9 battleaxe.
The bag of meat shouts!
You hear a shout! x11
A bag of meat comes into view. It is wielding a +9 war axe.
You hear a shout!
A bag of meat comes into view. It is wielding a +9 war axe.
You hear a shout!
Your Fighting skill increases to level 25!
Your Axes skill increases to level 13!
Your Armour skill increases to level 25!
Your Shields skill increases to level 24!
Your Unarmed Combat skill increases to level 13!
You hit the meat berserker.
You fatally mangle the meat berserker.
You kill the meat berserker!
You slash the meat berserker!
You chop the meat berserker into pieces.
You kill the meat berserker!
You hear a shout! x7
The meat berserker completely misses you.
A bag of meat comes into view. It is wielding a +9 war axe.
You hear a shout!
You have mastered Fighting!
Your Axes skill gained 4 levels and is now at level 17!
You have mastered Armour!
Your Shields skill gained 2 levels and is now at level 26!
Your Unarmed Combat skill increases to level 14!
You have reached level 16!
You feel clever.
You hear a shout!
The meat berserker hits you with a +9 battleaxe!!! x2
* * * LOW HITPOINT WARNING * * *
You hear a shout! x2
A bag of meat comes into view. It is wielding a +9 war axe.
The bag of meat hits you with a +9 war axe!
* * * LOW HITPOINT WARNING * * *
The bag of meat hits you with a +9 war axe!!
You die... .. o.. #. oo#

#.. ..# .
.###.. ..###..
......###......
......_.....
#..OoO# #_)<@_#
#.))o.#
......_.....
......###......
.###.. ..###..
#.. ..# . #.
.o# .. ...


You could see 2 meat berserkers and 6 bags of meat.

Vanquished Creatures
  2 ogres (D)
  11 orcs (D)
13 creatures vanquished.

Notes
Turn   | Place    | Note
-------+----------+-------------------------------------------
     0 | D        | Found the +∞ Axe of Woe
     0 | D        | tevo3000 the Gargoyle Fighter began the quest for the Orb.
     0 | D        | Reached XP level 1. HP: 14/14 MP: 1/1
     1 | D        | Noticed a bag of meat
     1 | D        | Noticed a bag of meat
     1 | D        | Noticed a bag of meat
     2 | D        | Noticed a bag of meat
     3 | D        | Noticed a bag of meat
     3 | D        | Noticed a bag of meat
     3 | D        | Noticed a bag of meat
     4 | D        | Noticed a bag of meat
     4 | D        | Noticed a bag of meat
     4 | D        | Noticed a bag of meat
     5 | D        | Noticed a bag of meat
     5 | D        | Noticed a bag of meat
     7 | D        | Killed a bag of meat
     7 | D        | Noticed a bag of meat
     7 | D        | Noticed a meat berserker
     8 | D        | Reached skill level 15 in Shields
     8 | D        | Reached XP level 2. HP: 31/36 MP: 2/2
     8 | D        | Reached XP level 3. HP: 35/40 MP: 3/3
     8 | D        | Reached XP level 4. HP: 40/46 MP: 4/4
     8 | D        | Reached XP level 5. HP: 44/51 MP: 5/5
     8 | D        | Reached XP level 6. HP: 49/56 MP: 6/6
     8 | D        | Reached XP level 7. HP: 54/62 MP: 7/7
     8 | D        | Reached XP level 8. HP: 59/68 MP: 8/8
     8 | D        | Reached XP level 9. HP: 63/72 MP: 9/9
     8 | D        | Reached XP level 10. HP: 68/78 MP: 10/10
     8 | D        | Reached XP level 11. HP: 73/83 MP: 11/11
     8 | D        | Killed a bag of meat
     8 | D        | Killed a bag of meat
     8 | D        | Killed a bag of meat
     8 | D        | Noticed a bag of meat
     8 | D        | Noticed a meat berserker
     9 | D        | Reached skill level 10 in Unarmed Combat
     9 | D        | Reached XP level 12. HP: 78/97 MP: 12/12
     9 | D        | Reached XP level 13. HP: 83/103 MP: 13/13
     9 | D        | Killed a bag of meat
     9 | D        | Killed a bag of meat
     9 | D        | Killed a bag of meat
     9 | D        | Killed a bag of meat
     9 | D        | Killed a bag of meat
     9 | D        | Noticed a meat berserker
    10 | D        | Gained mutation: Your large and strong wings let you fly.
                  | [Gargoyle growth]
    10 | D        | Reached XP level 14. HP: 94/116 MP: 14/14
    10 | D        | Reached XP level 15. HP: 99/122 MP: 15/15
    11 | D        | Noticed a meat berserker
    11 | D        | Killed a meat berserker
    11 | D        | Killed a meat berserker
    12 | D        | Reached skill level 27 in Fighting
    12 | D        | Reached skill level 27 in Armour
    12 | D        | Reached XP level 16. HP: 109/133 MP: 16/16
    12 | D        | HP: 4/133 [bag of meat/+9 war axe (11)]
    12 | D        | Demolished by a bag of meat

Illustrated notes

Levels and vault maps discovered:
D:        meatsprint

Skill      XL: |  1  2  3  4  5  6  7  8  9 10 11 12 13 14 15 |
---------------+----------------------------------------------+-----
Fighting       | 16 20 24 27 | 27.0
Axes           | 3 7 12 17 | 17.2
Armour         | 16 21 24 27 | 27.0
Shields        | 15 19 23 26 | 26.2
Unarmed Combat | 7 10 12 14 | 14.3

Action                   |  1- 3 |  4- 6 |  7- 9 | 10-12 | 13-15 | 16-18 || total
-------------------------+-------+-------+-------+-------+-------+-------++-------
Melee: Executioner's axe |     1 |       |       |     1 |     3 |       ||     5
Armor: Scale mail        |       |       |       |     1 |       |       ||     1
Dodge: Dodged            |       |       |       |       |     1 |       ||     1
